 Dungeon Crawl Stone Soup version 0.24-a0-243-g8f5f5cd (console) character file.

Game seed: 17324053958027150888

20475 utis the Nimble (level 12, -8/73 HPs)
             Began as a Tengu Summoner on Apr 9, 2019.
             Killed from afar by a balrug (35 damage)
             ... with a bolt of fire
             ... in a Gauntlet.
             The game lasted 01:49:29 (27038 turns).

utis the Nimble (Tengu Summoner)                   Turns: 27038, Time: 01:49:30

Health: -8/73      AC: 18    Str: 13    XL:     12   Next: 79%
Magic:  28/28      EV: 19    Int: 22    God:
Gold:   47         SH:  0    Dex: 15    Spells: 2/19 levels left

rFire    . . .     SeeInvis +   a - +6 lajatang (speed)
rCold    . . .     Gourm    .   (shield currently unavailable)
rNeg     . . .     Faith    .   H - +2 scale mail "Uqegot" {rElec Regen+ rCorr}
rPois    .         Spirit   .   o - +2 hat {Int+3}
rElec    +         Reflect  .   T - +2 cloak of the Thief {+Fog Slay-2 SInv Stlth+}
rCorr    +         Harm     .   v - +2 pair of gloves
MR       .....     NoTele   +   (boots unavailable)
Stlth    ++........             (no amulet)
HPRegen  0.62/turn              W - ring of magical power
MPRegen  0.21/turn              I - +3 ring of intelligence

@: flying quickly and evasively, quick
A: beak, talons 3, able to fly
a: Stop Flying, Evoke Fog


You were in a Gauntlet.
You were not hungry.

You visited 2 branches of the dungeon, and saw 14 of its levels.
You also visited: Sewer, Gauntlet and Ice Cave.

You collected 1018 gold pieces.
You spent 971 gold pieces at shops.

Inventory:

Hand Weapons
 a - a +6 lajatang of speed (weapon)
 b - a +2 shortbow of flaming
 c - a +0 blowgun {@w1}
 w - a +1 halberd of venom
Missiles
 h - 218 stones (quivered)
 i - 3 curare-tipped needles {=f}
 k - 241 arrows
 t - 3 throwing nets {=f}
 y - 81 poisoned needles
 E - 5 tomahawks
Armour
 o - a +2 hat of intelligence (worn)
 v - a +2 pair of gloves (worn)
 x - a +1 cloak of magic resistance
 H - the +2 scale mail "Uqegot" (worn) {rElec Regen+ rCorr}
   (You acquired it on level 2 of the Lair of Beasts)

   It insulates you from electricity.
   It increases your rate of regeneration.
   It provides partial protection from all sources of acid and corrosion.
 T - the +2 cloak of the Thief (worn) {+Fog Slay-2 SInv Stlth+}
   (You found it on level 6 of the Dungeon)

   It affects your accuracy and damage with ranged weapons and melee attacks
   (-2).
   It lets you see invisible.
   It makes you more stealthy.
Magical Staves
 z - an uncursed staff of power {!a}
Jewellery
 C - an uncursed ring of ice
 I - a +3 ring of intelligence (right hand)
 M - an uncursed ring of protection from magic
 P - an uncursed ring of poison resistance
 W - a ring of magical power (left hand)
Wands
 g - a wand of acid (20)
 O - a wand of disintegration (21) {@e1}
 U - a wand of enslavement (9)
 X - a wand of paralysis (14)
Scrolls
 d - a scroll of silence {!r}
 e - 2 scrolls of magic mapping
 f - 2 scrolls of fog
 l - 7 scrolls of remove curse {@r2}
 s - 2 scrolls of enchant armour
 u - a scroll of holy word
 K - 2 scrolls of blinking
 N - 8 scrolls of teleportation {@r4}
 Q - a scroll of fear
Potions
 j - a potion of berserk rage {!q}
 m - a potion of invisibility
 n - 2 potions of magic
 p - 3 potions of resistance
 q - 8 potions of curing {@q1}
 r - 6 potions of heal wounds {@q2}
 A - 3 potions of agility
 B - 4 potions of might
 F - a potion of cancellation
 J - 2 potions of ambrosia
 Z - 3 potions of brilliance
Miscellaneous
 D - a phial of floods
Comestibles
 V - 23 rations {@e1}


   Skills:
 + Level 7.8 Fighting
 - Level 3.0 Polearms
 + Level 6.3 Armour
 - Level 13.0 Dodging
 - Level 2.2 Stealth
 - Level 4.0 Spellcasting
 - Level 12.8 Summonings
 - Level 4.0 Ice Magic
 - Level 7.0 Air Magic
 - Level 4.0 Evocations


You had 2 spell levels left.
You knew the following spells:

 Your Spells              Type           Power        Failure   Level  Hunger
b - Summon Ice Beast      Ice/Summ       #####...     14%         4    ####...
d - Mephitic Cloud        Conj/Pois/Air  ##......     45%         3    ###....
f - Call Canine Familiar  Summ           ######..     1%          3    ###....
p - Call Imp              Summ           ######..     1%          2    #......
t - Summon Lightning Spi  Summ/Air       #####...     8%          4    ####...
z - Summon Small Mammal   Summ           ####         1%          1    None

Your spell library contained the following spells:

 Spells                   Type           Power        Failure   Level  Hunger
 Shock                    Conj/Air       ###.         11%         1    None
 Swiftness                Chrm/Air       ###.....     16%         2    #......
 Magic Dart               Conj           #...         41%         1    None
 Blink                    Tloc           N/A          54%         2    #......
 Searing Ray              Conj           #.....       54%         2    #......
 Slow                     Hex            #.......     54%         2    #......
 Summon Guardian Golem    Hex/Summ       ####....     10%         3    ###....
 Airstrike                Air            #####.....   24%         4    ####...
 Static Discharge         Conj/Air       ###.....     30%         3    ###....
 Conjure Flame            Conj/Fire      #.......     78%         3    ###....
 Dazzling Spray           Conj/Hex       #.....       78%         3    ###....
 Lightning Bolt           Conj/Air       ###.......   96%         5    ######.
 Silence                  Hex/Air        ###.......   96%         5    ######.
 Force Lance              Conj/Tloc      #.......     99%         4    ####...
 Fulminant Prism          Conj/Hex       #.........   99%         4    ####...
 Iskenderun's Mystic Bla  Conj           #.......     99%         4    ####...
 Conjure Ball Lightning   Conj/Air       ###.......   100%        6    #######
 Deflect Missiles         Chrm/Air       ###.......   100%        6    #######
 Tornado                  Air            #####.....   100%        9    #######


Dungeon Overview and Level Annotations

Branches:
Dungeon (11/15)            Temple (0/1) D:4            Lair (3/6) D:10
 Spider (0/4) Lair:3          Orc (0/2) D:10
  Swamp: Lair:2-4    Shoals: Lair:2-4

Altars:
Ashenzari
Cheibriados
Dithmenos
Elyvilon
Fedhas
Kikubaaqudgha
Okawaru
Qazlal
Ru
Sif Muna
Trog
Wu Jian
Xom
The Shining One
Beogh

Shops:
D:7 *   D:8 }   D:9 *   D:10 *   D:11 ?[%

Annotations:
D:8 3 runed translucent doors, Yolobob's ghost, novice DrFE Gauntlet 13 transporters


Innate Abilities, Weirdness & Mutations

You have a beak for a mouth.
You have claws for feet.
You can fly continuously.


Message History

Okay, then.
Unknown command.
The hell hound closely misses you. The hell hound misses you.
The balrug gestures at you. The bolt of fire hits you!!
* * * LOW HITPOINT WARNING * * *
The hell hound bites you but does no damage.
The hell hound breathes flames at you. The blast of flame hits you.
* * * LOW HITPOINT WARNING * * *
You feel much better. The hell hound barely misses you. x2
The balrug gestures at you.
The fireball explodes!
The fireball engulfs you!
* * * LOW HITPOINT WARNING * * *
The fireball engulfs the hell hound.
The hell hound completely resists.
The fireball engulfs the hell hound.
The hell hound completely resists.
Unknown command.
The balrug gestures at you. The bolt of fire hits you!!
You die...

▒▒▒..▒▒▒▒▒▒▒▒▒▒▒▒▒▒▒▒▒▒▒▒
▒..▒▒.......▒▒.▒E.▓▓...
▒▒▒..▒.▒..2..▒.▒.▒[▒▓.▒▓▓
▒8▒..▒..▒...▒..▒.▒?▓.▓▒.▓
▒▒▒..▒...▒©▒...▒.▒.▓.▓.▓.
▒..▒....▒....▒.▒.▒.▒©▒.
▒▒▒..▒...▒2▒...▒.▒.▓.▓.▓E
▒8▒..▒..▒...▒..▒.▒.▓ .▒▓°
▒▒▒..▒.▒Qh...▒.▒.▒..▓▓▒E▓
▒..▒▒.[h©.€.▒▒.▒h..hE▓▓
▒▒▒..▒▒▒▒▒▒▒▒▒▒▒▒▒▒▒▒▒▒▒▒
▒8▒......▒©...........©▒.
▒▒▒§.....▒▒▒▒▒▒▒.▒▒▒▒▒▒▒.
▒▒▒▒▒........▒.▒.......
▒8▒........▒.▒▒▒▒▒▒▒▒
▒▒▒▒▒▒▒▒▒..▒.▒2..▒..4
▒8▒..▒.▒..▒..▒▒


You could see a balrug and 2 hell hounds.

Vanquished Creatures
  Harold (D:8)
  A worldbinder (Gauntlet)
  An elephant (Lair:2)
  A spiny frog (Lair:1)
  A queen bee (Lair:2)
  6 polar bears (IceCv)
  A blink frog (Lair:1)
  4 hippogriffs
  2 wyverns
  12 yaks
  A hungry ghost (D:7)
  A porcupine (Lair:2)
  2 water moccasins
  2 ice beasts
  An orc warrior (D:9)
  2 boggarts (Gauntlet)
  A phantom (D:9)
  3 black bears
  6 wolves
  3 ogres
  7 centaurs
  A crocodile (Lair:2)
  6 big kobolds
  7 bullfrogs
  Dowan (D:5)
  2 scorpions
  4 wights
  8 killer bees (Lair:2)
  An electric eel (Lair:2)
  7 howler monkeys
  2 bullfrog zombies
  A centaur zombie (D:8)
  8 hounds
  2 jellies
  A bullfrog skeleton (D:10)
  2 centaur skeletons
  2 orc priests (D:5)
  An iguana (D:5)
  2 orc wizards
  5 worker ants
  2 hound zombies (D:8)
  2 hound skeletons
  2 worker ant zombies (D:7)
  14 adders
  7 river rats
  A shadow imp (D:5)
  3 oozes
  2 worms
  2 dart slugs (D:2)
  4 leopard geckos
  29 orcs
  6 ball pythons
  3 giant cockroaches
  10 hobgoblins
  6 jackals
  3 quokkas
  7 bats
  7 frilled lizards
  10 goblins
  22 kobolds
  A leopard gecko zombie (D:5)
  40 rats
305 creatures vanquished.

Vanquished Creatures (collateral kills)
  A frost giant (IceCv)
  Fannar (Lair:1)
  2 hydras
  A two-headed ogre (D:11)
  2 oklob plants (Lair:2)
  An ugly thing (D:11)
  An ice statue (IceCv)
  Joseph (D:8)
  A gargoyle (D:11)
  Psyche (D:8)
  3 rime drakes (Lair:2)
  3 blink frogs (Lair:1)
  9 polar bears (IceCv)
  2 dream sheep (D:8)
  A meliai zombie (D:11)
  3 hippogriffs
  A wyvern (Lair:2)
  Sigmund (D:3)
  17 yaks
  A basilisk (Lair:2)
  A hungry ghost (D:9)
  An acid dragon (D:11)
  Duvessa (D:5)
  7 water moccasins
  3 porcupines
  4 orc warriors
  A black bear (D:10)
  4 ogres
  A necrophage (D:9)
  A boggart (Gauntlet)
  A phantom (D:4)
  5 wolves (IceCv)
  A centaur (D:9)
  6 crocodiles (Lair:2)
  5 big kobolds
  A bullfrog (Lair:2)
  9 wights
  24 killer bees
  2 howler monkeys
  A quasit (D:6)
  2 hounds
  3 orc priests (D:8)
  An orc wizard (D:9)
  An iguana (D:4)
  2 worker ants
  Robin (D:2)
  8 gnolls
  A river rat (Sewer)
  2 adders
  A worm (D:4)
  A leopard gecko (D:10)
  10 orcs
  3 giant cockroaches
  6 goblins (D:2)
  3 hobgoblins (D:2)
  2 kobolds (D:1)
  A quokka (D:9)
  A rat (D:6)
  A plant (D:10)
182 creatures vanquished.

Vanquished Creatures (others)
  A quokka (D:8)
  12 demonic plants (Gauntlet)
  4 fungi
  A plant (Lair:2)
18 creatures vanquished.

Grand Total: 505 creatures vanquished

Notes
Turn   | Place    | Note
-------+----------+-------------------------------------------
     0 | D:1      | utis the Tengu Summoner began the quest for the Orb.
     0 | D:1      | Reached XP level 1. HP: 10/10 MP: 4/4
   603 | D:1      | Reached skill level 5 in Summonings
   603 | D:1      | Reached XP level 2. HP: 10/15 MP: 6/6
   611 | D:1      | Learned a level 2 spell: Call Imp
  1566 | D:1      | Reached XP level 3. HP: 11/19 MP: 7/7
  1680 | D:1      | Learned a level 3 spell: Call Canine Familiar
  1703 | D:1      | Found a snail-covered altar of Cheibriados.
  1861 | D:1      | Reached skill level 3 in Dodging
  2727 | D:2      | Found a shattered altar of Ashenzari.
  2777 | D:2      | Noticed Robin
  3021 | D:2      | Killed Robin
  3021 | D:2      | Reached XP level 4. HP: 21/24 MP: 2/8
  3633 | D:2      | Noticed Sigmund
  4090 | D:1      | Reached skill level 1 in Fighting
  4443 | D:2      | Reached skill level 4 in Dodging
  4596 | D:2      | Gained mutation: You can fly continuously. [Tengu growth]
  4596 | D:2      | Reached XP level 5. HP: 27/29 MP: 9/9
  4632 | D:2      | Found a shattered altar of Ashenzari.
  5169 | D:3      | Killed Sigmund
  5570 | D:2      | wow
  5858 | D:4      | Reached XP level 6. HP: 36/36 MP: 10/10
  5936 | D:4      | Noticed a phantom
  5985 | D:4      | Killed a phantom
  5985 | D:4      | Reached skill level 5 in Dodging
  6679 | D:4      | Reached XP level 7. HP: 25/42 MP: 11/11
  6804 | D:4      | Learned a level 4 spell: Summon Lightning Spire
  6817 | D:4      | Found an ornate altar of the Wu Jian Council.
  6908 | D:4      | Found an iron altar of Okawaru.
  6909 | D:4      | Found a deep blue altar of Sif Muna.
  6939 | D:4      | Reached skill level 1 in Air Magic
  6988 | D:4      | Found a shimmering altar of Xom.
  7096 | D:4      | Found a staircase to the Ecumenical Temple.
  7242 | D:5      | Entered Level 5 of the Dungeon
  7422 | D:5      | Reached skill level 6 in Dodging
  8025 | D:5      | Reached XP level 8. HP: 48/48 MP: 12/12
  8455 | D:5      | Noticed Duvessa
  8495 | D:5      | Killed Duvessa
  8530 | D:5      | Noticed Dowan
  8551 | D:5      | Killed Dowan
  8551 | D:5      | Reached skill level 7 in Dodging
  8628 | D:5      | Found an ancient bone altar of Kikubaaqudgha.
  8736 | D:6      | Found the +2 cloak of the Thief {+Fog Slay-2 SInv Stlth+}
  8770 | D:6      | oh lala
  8831 | D:6      | Reached skill level 5 in Air Magic
  8900 | D:6      | Found a glowing drain.
  8915 | Sewer    | Entered a sewer
  9625 | Sewer    | Reached XP level 9. HP: 45/52 MP: 13/13
 10035 | D:6      | Reached skill level 8 in Dodging
 11607 | D:7      | Found a blossoming altar of Fedhas.
 11658 | D:7      | Found a sacrificial altar of Ru.
 11659 | D:7      | Found a shadowy altar of Dithmenos.
 11909 | D:7      | Reached skill level 9 in Dodging
 11928 | D:7      | Found Kipinet's Assorted Antiques.
 12249 | D:7      | Bought an ancient scale mail for 180 gold pieces
 12284 | D:7      | Identified the +1 scale mail of the Postmodern Tables
                  | {rPois Str-3 Dex+3} (You bought it in a shop on level 7 of
                  | the Dungeon)
 12448 | D:8      | Noticed Joseph
 12469 | D:8      | Killed Joseph
 12535 | D:8      | Found a runed translucent gate.
 12536 | D:8      | Found a runed translucent gate.
 12538 | D:8      | Noticed Yolobob's ghost (novice DrFE)
 12540 | D:8      | Found a runed translucent gate.
 12546 | D:8      | Found a roughly hewn altar of Beogh.
 12547 | D:8      | Identified the cursed +0 rapier of Accidental Termination
                  | {drain, rElec MR++ Stlth-}
 12547 | D:8      | Identified the +8 plate armour "Remmeq" {rPois rN+}
 12982 | D:8      | Reached skill level 10 in Summonings
 13024 | D:8      | Reached skill level 10 in Dodging
 13024 | D:8      | Reached XP level 10. HP: 43/56 MP: 14/14
 13124 | D:8      | Noticed a three-headed hydra
 13362 | D:8      | Noticed Psyche
 13370 | D:8      | Killed Psyche
 13455 | D:8      | Found Yfahoceu's Gadget Emporium.
 13489 | D:8      | Noticed Harold
 13536 | D:8      | Killed Harold
 13783 | D:8      | Found a white marble altar of Elyvilon.
 13799 | D:8      | Killed a three-headed hydra
 14362 | D:9      | Reached skill level 11 in Dodging
 14439 | D:9      | Learned a level 4 spell: Summon Ice Beast
 14607 | D:9      | Found a stormy altar of Qazlal.
 14666 | D:9      | Found a bloodstained altar of Trog.
 14813 | D:9      | Found a glowing golden altar of the Shining One.
 14904 | D:9      | Reached skill level 1 in Ice Magic
 14936 | D:9      | Found Tesiobek's Assorted Antiques.
 14944 | D:9      | Noticed a two-headed ogre
 15317 | D:9      | Reached skill level 1 in Evocations
 15736 | D:10     | Entered Level 10 of the Dungeon
 16099 | D:10     | Reached XP level 11. HP: 60/61 MP: 15/15
 16222 | D:10     | Found a staircase to the Orcish Mines.
 16448 | D:10     | Found a staircase to the Lair.
 16535 | D:10     | Found Buor Cagak's Assorted Antiques.
 16557 | D:10     | Reached skill level 12 in Dodging
 16624 | D:10     | Bought a bloodstained scale mail for 216 gold pieces
 16682 | D:10     | Identified the +2 scale mail of Minor Irritation {rPois rF+
                  | Str+3 Slay-4} (You bought it in a shop on level 10 of the
                  | Dungeon)
 16682 | D:10     | sigh
 17183 | D:8      | hmmm
 17541 | D:11     | Noticed a green ugly thing
 17553 | D:11     | Killed a green ugly thing
 17553 | D:11     | Reached skill level 1 in Polearms
 18051 | D:11     | Killed a two-headed ogre
 18304 | D:11     | Found Lesaykh's Antique Armour Shoppe.
 18410 | D:11     | Found Xuxusef's Food Boutique.
 18796 | D:11     | Found Xeir's Magic Scroll Boutique.
 18804 | D:11     | Bought a scroll of teleportation for 42 gold pieces
 18804 | D:11     | Bought a scroll of fog for 28 gold pieces
 18804 | D:11     | Bought a scroll of identify for 28 gold pieces
 18986 | Lair:1   | Entered Level 1 of the Lair of Beasts
 19436 | Lair:1   | Noticed Fannar
 19608 | Lair:1   | Reached skill level 5 in Fighting
 19907 | Lair:1   | Killed Fannar
 20810 | Lair:2   | Found a frozen archway.
 20827 | IceCv    | Entered an ice cave
 21223 | IceCv    | Learned a level 3 spell: Mephitic Cloud
 21864 | IceCv    | Noticed a frost giant
 21910 | IceCv    | Killed a frost giant
 21910 | IceCv    | Reached skill level 13 in Dodging
 21910 | IceCv    | Reached XP level 12. HP: 50/68 MP: 9/19
 22377 | IceCv    | Reached skill level 1 in Armour
 23045 | IceCv    | Got a pitted battleaxe
 23170 | IceCv    | Identified the +3 battleaxe of Karma {protect, rElec Int+4
                  | Stlth+} (You found it in an ice cave)
 23708 | D:11     | Bought a warped scale mail for 225 gold pieces
 23743 | D:11     | Identified the +2 scale mail of Firghot {-Cast +Inv rN+++
                  | Int-4} (You bought it in a shop on level 11 of the Dungeon)
 23743 | D:11     | sigh
 24240 | Lair:2   | Identified 2 scrolls of acquirement
 24249 | Lair:2   | okay
 24252 | Lair:2   | Got a bloodstained scale mail
 24281 | Lair:2   | Identified the +2 scale mail "Uqegot" {rElec Regen+ rCorr}
                  | (You acquired it on level 2 of the Lair of Beasts)
 24281 | Lair:2   | okay!
 25272 | Lair:2   | Reached skill level 5 in Armour
 25508 | Lair:2   | Noticed a four-headed hydra
 25520 | Lair:2   | Killed a four-headed hydra
 25837 | Lair:2   | Got a heavily runed ring mail
 25881 | Lair:2   | Identified the +5 ring mail of Tenacity {rF+ rN+ rCorr
                  | Str-5} (You found it on level 2 of the Lair of Beasts)
 26335 | D:11     | Bought a scroll of enchant armour for 105 gold pieces
 26337 | D:11     | Bought a scroll of torment for 105 gold pieces
 26337 | D:11     | Bought a scroll of teleportation for 42 gold pieces
 26482 | Lair:3   | Found a gate leading to a gauntlet.
 26527 | Gauntlet | Entered a Gauntlet
 26527 | Gauntlet | Found a transporter.
 26527 | Gauntlet | Found a transporter.
 26528 | Gauntlet | hmm
 26531 | Gauntlet | Found a transporter.
 26544 | Gauntlet | Noticed a catoblepas
 26545 | Gauntlet | Found a transporter.
 26545 | Gauntlet | Found a transporter.
 26555 | Gauntlet | Found a transporter.
 26555 | Gauntlet | Found a transporter.
 26555 | Gauntlet | Noticed a green death
 26560 | Gauntlet | Found a transporter.
 26565 | Gauntlet | Noticed a wretched star
 26594 | Gauntlet | Found a transporter.
 26603 | Gauntlet | Found a transporter.
 26642 | Gauntlet | Found a transporter.
 26651 | Gauntlet | Found a transporter.
 26657 | Gauntlet | Noticed a balrug
 26667 | Gauntlet | Found a transporter.
 26752 | Gauntlet | Found a transporter.
 26753 | Gauntlet | Noticed a catoblepas
 26767 | Gauntlet | Found a transporter.
 26785 | Gauntlet | Found a transporter.
 26899 | Gauntlet | Noticed a catoblepas
 27038 | Gauntlet | Killed from afar by a balrug

Levels and vault maps discovered:
D:1:      erik_arrival_orb_chamber, layout_basic, cheibriados_altar_1
D:2:      layout_rooms, evilmike_ruin_ashenzari, kennysheep_potato,
          uniq_sigmund, uniq_robin
D:3:      layout_loops_cross, serial_rivers, chequers_serial_rivers_small_b,
          chequers_serial_rivers_micro_a, chequers_serial_rivers_room_b,
          chequers_serial_rivers_micro_e, first_ration
D:4:      layout_cave_pools, chequers_temple_overflow_statue_of_worship,
          minmay_temple_entry_poolview
D:5:      minmay_bubble_buster, layout_basic, kiku_gazebo_pond_becter,
          uniq_duvessa
D:6:      layout_layer_cave, portal_sewer_entry_e
D:7:      layout_loops_cross, fedhas_altar_1, gammafunk_temple_overflow_wave,
          serial_shops, shop, chequers_jeans, minmay_crystal_room
D:8:      layout_rooms, elyvilon_altar_4, biasface_ghost_orc_armoury,
          serial_shops, shop, grunt_ministairs_12, hangedman_ranch
          [blue_anna_fruit_fields], corexii_hall_statues_u, uniq_psyche,
          uniq_harold, uniq_joseph
D:9:      layout_loops_ring, nicolae_qazlal_eye_of_the_storm, kennysheep_mini,
          serial_shops, nicolae_shop_overgrown_old_shop, tso_altar
D:10:     layout_roguey, grunt_lair_entry_orc_guard_hut,
          kennysheep_orc_monster_closet_entryway, serial_shops,
          nicolae_shop_overgrown_old_shop, kennysheep_generic_room_13
D:11:     layout_basic, serial_shops, nicolae_shop_statue_plus,
          kennysheep_little_box, nicolae_shop_statue_plus, nrook_campfire
Lair:1:   layout_loops_ring, uniq_fannar
Lair:2:   regret_index_harrowing_hell_hive, layout_regular_city,
          portal_ice_cave_rime, infiniplex_staircase_pool, grunt_megastairs_5
Lair:3:   layout_roguey, spider_nest_entry_a, gauntlet_entry_generic, uniq_urug
Sewer:    sewer_minmay_treatment
IceCv:    ice_cave_small_giant
Gauntlet: gammafunk_gauntlet_branching [gammafunk_gauntlet_arena_corners,
          gammafunk_gauntlet_arena_split_x, nicolae_gauntlet_arena_blocks,
          gammafunk_gauntlet_arena_split_diamond,
          gammafunk_gauntlet_arena_spirals, nicolae_gauntlet_arena_x,
          gammafunk_gauntlet_arena_arrow_garden, gammafunk_gauntlet_arena_teeth,
          gauntlet_exit_watery]

Skill      XL: |  1  2  3  4  5  6  7  8  9 10 11 12 |
---------------+-------------------------------------+-----
Summonings     | 5 6 8 10 11 12 | 12.8
Dodging        | 3 4 5 6 7 10 11 13 | 13.0
Fighting       | 1 2 3 4 5 7 |  7.8
Air Magic      | 3 6 7 |  7.0
Ice Magic      | 1 3 4 |  4.0
Evocations     | 2 4 |  4.0
Polearms       | 3 |  3.0
Spellcasting   | 4 |  4.0
Armour         | 6 |  6.3
Stealth        | |  2.2

Action                   |  1- 3 |  4- 6 |  7- 9 | 10-12 || total
-------------------------+-------+-------+-------+-------++-------
Melee: Unarmed           |    21 |       |       |       ||    21
       Kick              |    19 |    36 |    93 |   136 ||   284
       Whip              |    16 |       |       |       ||    16
       Peck              |     6 |    19 |    57 |    95 ||   177
       Short sword       |    72 |    49 |       |       ||   121
       Flail             |       |    64 |    43 |    10 ||   117
       Halberd           |       |       |    25 |   269 ||   294
       Hand axe          |       |       |   306 |   100 ||   406
       Trident           |       |       |       |   104 ||   104
       Lajatang          |       |       |       |   145 ||   145
       Battleaxe         |       |       |       |     4 ||     4
Throw: Stone             |    14 |    15 |    15 |    48 ||    92
 Cast: Summon Small Mamm |    10 |       |       |       ||    10
       Call Imp          |     5 |    26 |    35 |    47 ||   113
       Call Canine Famil |       |     6 |    10 |     8 ||    24
       Summon Lightning  |       |       |     5 |    56 ||    61
       Summon Ice Beast  |       |       |       |   111 ||   111
 Abil: Fly               |       |     1 |       |       ||     1
       Evoke Fog         |       |       |       |     1 ||     1
  Use: Scroll            |     1 |     5 |     9 |    22 ||    37
       Potion            |       |       |       |     2 ||     2
 Stab: Sleeping          |     2 |     1 |     6 |     4 ||    13
       Distracted        |       |       |     2 |    10 ||    12
  Eat: Chunk             |     6 |    13 |    20 |    64 ||   103
       Ration            |       |       |     2 |     5 ||     7
Armor: Robe              |    14 |    10 |       |       ||    24
       Ring mail         |       |    11 |   115 |   127 ||   253
       Scale mail        |       |       |       |    73 ||    73
Dodge: Dodged            |    62 |   101 |   358 |   779 ||  1300

Table legend:
 A = Non-vault XP
 B = Vault XP
 C = Vault XP percentage of total XP
 D = Non-vault monster count
 E = Vault monster count
 F = Vault count percentage of total count
                 A         B        C        D         E       F
            +---------+---------+-------+---------+---------+-------
      Total |   12568 |   16682 |  57.0 |     269 |     217 |  44.7
            +---------+---------+-------+---------+---------+-------
        D:1 |      45 |      16 |  26.2 |      28 |      14 |  33.3
        D:2 |      87 |      18 |  17.1 |      27 |       9 |  25.0
        D:3 |      46 |     106 |  69.7 |      16 |       1 |   5.9
        D:4 |     403 |       0 |   0.0 |      16 |       0 |   0.0
        D:5 |     529 |     323 |  37.9 |      15 |       8 |  34.8
        D:6 |     714 |      36 |   4.8 |      21 |       8 |  27.6
        D:7 |     754 |       0 |   0.0 |      28 |       0 |   0.0
        D:8 |     666 |    2210 |  76.8 |      19 |      12 |  38.7
        D:9 |    2186 |       0 |   0.0 |      34 |       0 |   0.0
       D:10 |     984 |     965 |  49.5 |      16 |      25 |  61.0
       D:11 |    1565 |       0 |   0.0 |      17 |       0 |   0.0
     Lair:1 |    2868 |     552 |  16.1 |      20 |       1 |   4.8
     Lair:2 |    1467 |    4954 |  77.2 |      10 |      51 |  83.6
     Lair:3 |     254 |       0 |   0.0 |       2 |       0 |   0.0
      Sewer |       0 |     553 | 100.0 |       0 |      48 | 100.0
      IceCv |       0 |    6142 | 100.0 |       0 |      36 | 100.0
   Gauntlet |       0 |     807 | 100.0 |       0 |       4 | 100.0
            +---------+---------+-------+---------+---------+-------
